 Dungeon Sprint DCSS version 0.30-a0-123-g91d0c66ccf (webtiles) character file.

Game seed: 16295480780461359966

3610 mhtbhm the Earth Mage (level 10, -5/54 HPs)
             Began as a Gargoyle Earth Elementalist on Sept 18, 2022.
             Was a High Priest of Vehumet.
             Slain by a sun demon (12 damage)
             ... summoned by an orc high priest
             ... in the Dungeon (Sprint III: "The Ten Rune Challenge").
             The game lasted 00:04:04 (1547 turns).

mhtbhm the Earth Mage (Gargoyle Earth Elementalist) Turns: 1547, Time: 00:04:05

Health: -5/54      AC: 11    Str: 15    XL:     10   Next: 11%
Magic:  13/27      EV: 13    Int: 18    God:    Vehumet [*****.]
Gold:   53         SH:  0    Dex: 13    Spells: 21/36 levels left

rFire   . . .      SeeInvis .    i - +3 quarterstaff (chaos)
rCold   . . .      Faith    .    (shield currently unavailable)
rNeg    + . .      Spirit   .    a - +1 robe {Will+}
rPois   ∞          Reflect  .    (no helmet)
rElec   +          Harm     .    h - +0 cloak
rCorr   .          Rampage  .    (no gloves)
Will    +....      NoTele   +    (no boots)
Stlth   +++.......               (no amulet)
HPRegen 0.18/turn                (no ring)
MPRegen 0.20/turn                (no ring)

@: no status effects
A: sickness immunity, AC +7, negative energy resistance 1, electricity
resistance, torment resistance 1, petrification resistance, agile 1, strong 1
a: Renounce Religion


You were in the Dungeon.
You worshipped Vehumet.
Vehumet was extremely pleased with you.
You visited 1 branch You collected 53 gold pieces.

Inventory:

Hand Weapons
 i - a +3 quarterstaff of chaos (weapon)
Armour
 a - a +1 robe of willpower (worn)
 h - a +0 cloak (worn)
Scrolls
 g - a scroll of blinking
 j - 2 scrolls of immolation {unknown}
 k - 3 scrolls of identify
Potions
 b - 3 potions of magic
 c - 2 potions of curing
 e - a potion of haste
 f - a potion of berserk rage
 l - 2 potions of flight {unknown}
 m - 3 potions of mutation
Miscellaneous
 n - a phantom mirror (inert)


   Skills:
 + Level 2.7 Fighting
 + Level 4.4 Dodging
 + Level 6.1 Stealth
 + Level 13.7 Spellcasting
 + Level 4.9 Conjurations
 + Level 1.2 Transmutations
 + Level 2.4 Air Magic
 + Level 17.5 Earth Magic
 + Level 2.1 Poison Magic


You had 21 spell levels left.
You knew the following spells:

 Your Spells              Type           Power      Damage    Failure   Level
a - Sandblast             Erth           100%       2d20      0%          1
b - Passwall              Tmut/Erth      38%        N/A       1%          2
c - Stone Arrow           Conj/Erth      100%       3d13      1%          3
d - Petrify               Tmut/Erth      46%        N/A       1%          4
e - Mephitic Cloud        Conj/Pois/Air  23%        N/A       1%          3
f - Scorch                Fire           24%        2d6       2%          2

Your spell library contained the following spells:

 Spells                   Type           Power      Damage    Failure   Level
 Iskenderun's Mystic Bla  Conj/Tloc      21%        2d6       5%          4
 Ignite Poison            Fire/Tmut/Pois 16%        N/A       3%          3
 Freezing Cloud           Conj/Ice/Air   10%        6-21      14%         5


Dungeon Overview and Level Annotations

Branches:
Dungeon (1/1)

Altars:
Cheibriados
Dithmenos
Elyvilon
Fedhas
Gozag
Hepliaklqana
Kikubaaqudgha
Makhleb
Nemelex Xobeh
Okawaru
Qazlal
Ru
Sif Muna
Trog
Uskayaw
Vehumet
Wu Jian
Xom
Yredelemnul
Zin
The Shining One
Jiyva
Lugonu


Innate Abilities, Weirdness & Mutations

You are immune to sickness and miasma.
Your stone body is resilient. (AC +7)
You are immune to poison.
You resist negative energy. (rN+)
You are resistant to electric shocks. (rElec)
You are resistant to unholy torment.
You are immune to petrification.
You are agile. (Dex +4, Str/Int -1)
Your muscles are strong. (Str +4, Int/Dex -1)


Message History

Casting: Stone Arrow (safe; 1% risk of failure)
Confirm with . or Enter, or press ? or * to list all spells.
Aiming: Sandblast (safe; 0% risk of failure)
Press: ? - help, Shift-Dir - straight line, f/p - orc high priest
Aim: an orc high priest, wielding a +0 war axe (heavily wounded, 82% to hit)
The blast of sand hits the orc high priest!
The orc high priest is severely wounded.
The orc wizard laughs at nothing.
The orc high priest calls upon Beogh to heal the orc sorcerer.
The orc sorcerer's wounds heal themselves!
Unknown command.
Casting: Sandblast (safe; 0% risk of failure)
Confirm with . or Enter, or press ? or * to list all spells.
Aiming: Sandblast (safe; 0% risk of failure)
Press: ? - help, Shift-Dir - straight line, f/p - orc high priest
Aim: an orc high priest, wielding a +0 war axe (severely wounded, 82% to hit)
The blast of sand hits the orc high priest.
The orc high priest is severely wounded.
The sun demon shouts!
You hear a shout!
The sun demon completely misses you. The orc high priest barely misses you.
The sun demon hits you!!
You are engulfed in flames!
* * * LOW HITPOINT WARNING * * *
The orc high priest closely misses you.
You hear a shout!
Unknown command.
Unknown command.
You feel much better. The sun demon misses you.
The orc high priest hits you with a +0 war axe.
The orc wizard barely misses itself.
Unknown command.
Casting: Sandblast (safe; 0% risk of failure)
Confirm with . or Enter, or press ? or * to list all spells.
Aiming: Sandblast (safe; 0% risk of failure)
Press: ? - help, Shift-Dir - straight line, f/p - orc high priest
Aim: an orc high priest, wielding a +0 war axe (severely wounded, 82% to hit)
The blast of sand misses the orc high priest.
The sun demon hits you!
* * * LOW HITPOINT WARNING * * *
You are engulfed in flames!
You die...

♣.#___#___#__#$##$#
♣♣.#...#__)#._#o$.o
♣..###'#÷###)##...
.♣.#..).÷.....#.)
.♣.'.⌠........#4#
♣♣.#...######'#3#
...#.⌠.#__#...#o#################
...#...#__#...#3o..#.#.#))...#^..
...#'###__#...##@#))#.##.###.#.^.
...#.).#__#...'##.#.#.##.#..##..^
...#___#__'...#.).#..#..##..'....
▓▓▓▓▓▓▓▓▓▓▓▓▓▓▓▓▓▓▓▓▓▓▓▓▓▓▓▓#...^
~~~........~~~...#....
♣≈≈≈≈≈≈≈≈≈≈≈≈♣♣P.'^...
♣♣♣♣♣♣♣♣♣♣♣♣♣♣♣PP#.... ♣♣♣##+##


You could see an orc high priest, 2 sun demons, an orange demon (summoned), an
orc sorcerer and an orc wizard (confused).

Vanquished Creatures
  Erolcha (D)
  A deep elf pyromancer (D)
  3 wandering mushrooms (D)
  A shadow (D)
  2 redbacks (D)
  A spatial vortex (D)
  An orc warrior (D)
  5 two-headed ogres (D)
  A necrophage (D)
  A water elemental (D)
  Crazy Yiuf (D)
  A jelly (D)
  A wizard (D)
  Jessica (D)
  A necromancer (D)
  3 humans (D)
  A kobold demonologist (D)
  2 orcs (D)
  An endoplasm (D)
  2 rats (D)
31 creatures vanquished.

Vanquished Creatures (others)
  An orc (D)
1 creature vanquished.

Grand Total: 32 creatures vanquished

Notes
Turn   | Place    | Note
-------+----------+-------------------------------------------
     0 | D        | mhtbhm the Gargoyle Earth Elementalist began the quest for
                  | the Orb.
     0 | D        | Reached XP level 1. HP: 10/10 MP: 3/3
     3 | D        | Reached skill level 4 in Earth Magic
    32 | D        | Noticed Jessica
    34 | D        | Killed Jessica
    35 | D        | Reached skill level 6 in Earth Magic
    35 | D        | Reached XP level 2. HP: 15/15 MP: 1/6
    35 | D        | Reached XP level 3. HP: 19/19 MP: 1/7
   138 | D        | Learned a level 2 spell: Passwall
   142 | D        | Learned a level 3 spell: Stone Arrow
   150 | D        | Reached skill level 1 in Transmutations
   150 | D        | Reached skill level 7 in Earth Magic
   339 | D        | Noticed Crazy Yiuf
   344 | D        | Killed Crazy Yiuf
   345 | D        | Reached skill level 8 in Earth Magic
   345 | D        | Reached XP level 4. HP: 24/24 MP: 6/10
   395 | D        | Gained mutation: You have large cloven feet. [potion of
                  | mutation]
   398 | D        | Lost mutation: You have large cloven feet. [potion of
                  | mutation]
   398 | D        | Gained mutation: You are agile. (Dex +4, Str/Int -1)
                  | [potion of mutation]
   398 | D        | Gained mutation: Your muscles are strong. (Str +4, Int/Dex
                  | -1) [potion of mutation]
   419 | D        | Noticed a water elemental
   423 | D        | Killed a water elemental
   424 | D        | Reached skill level 5 in Spellcasting
   424 | D        | Reached skill level 9 in Earth Magic
   424 | D        | Reached XP level 5. HP: 28/28 MP: 5/12
   570 | D        | Learned a level 4 spell: Petrify
   572 | D        | Found a radiant altar of Vehumet.
   572 | D        | Found a shimmering blue altar of Sif Muna.
   572 | D        | Found an ancient bone altar of Kikubaaqudgha.
   575 | D        | Reached skill level 10 in Earth Magic
   582 | D        | Became a worshipper of Vehumet
   589 | D        | Learned a level 3 spell: Mephitic Cloud
   603 | D        | Found a basalt altar of Yredelemnul.
   603 | D        | Found a shadowy altar of Dithmenos.
   603 | D        | Found a sacrificial altar of Ru.
   608 | D        | Reached skill level 1 in Conjurations
   608 | D        | Reached XP level 6. HP: 29/32 MP: 10/15
   609 | D        | Reached skill level 11 in Earth Magic
   654 | D        | Found a hide-covered altar of Uskayaw.
   654 | D        | Found an iron altar of Okawaru.
   654 | D        | Found a bloodstained altar of Trog.
   654 | D        | Found an ornate altar of the Wu Jian Council.
   654 | D        | Noticed a human
   654 | D        | Noticed a human
   682 | D        | Killed a human
   682 | D        | Reached * piety under Vehumet
   682 | D        | Offered knowledge of Magic Dart by Vehumet.
   683 | D        | Reached skill level 5 in Stealth
   683 | D        | Reached skill level 12 in Earth Magic
   684 | D        | Killed a human
   685 | D        | Reached skill level 13 in Earth Magic
   685 | D        | Reached XP level 7. HP: 11/37 MP: 5/18
   896 | D        | Found a glowing silver altar of Zin.
   896 | D        | Found a glowing golden altar of the Shining One.
   896 | D        | Found a white marble altar of Elyvilon.
   896 | D        | Noticed a deep elf pyromancer
   900 | D        | Killed a deep elf pyromancer
   901 | D        | Reached skill level 1 in Fighting
   901 | D        | Reached skill level 14 in Earth Magic
   901 | D        | Reached XP level 8. HP: 43/43 MP: 12/21
   964 | D        | Noticed a shadow
   970 | D        | Reached ** piety under Vehumet
   970 | D        | Offered knowledge of Scorch by Vehumet.
   974 | D        | Learned a level 2 spell: Scorch
  1012 | D        | Killed a shadow
  1013 | D        | Reached skill level 10 in Spellcasting
  1013 | D        | Reached skill level 1 in Air Magic
  1056 | D        | Found a blossoming altar of Fedhas.
  1056 | D        | Found a stormy altar of Qazlal.
  1056 | D        | Found a snail-covered altar of Cheibriados.
  1056 | D        | Found a burning altar of Makhleb.
  1056 | D        | Found a shimmering altar of Xom.
  1057 | D        | Found a hazy altar of Hepliaklqana.
  1057 | D        | Found an opulent altar of Gozag.
  1057 | D        | Found a sparkling altar of Nemelex Xobeh.
  1057 | D        | Found a corrupted altar of Lugonu.
  1057 | D        | Found a viscous altar of Jiyva.
  1085 | D        | Offered knowledge of Static Discharge by Vehumet.
  1085 | D        | Reached *** piety under Vehumet
  1086 | D        | Reached skill level 15 in Earth Magic
  1141 | D        | Noticed a two-headed ogre
  1148 | D        | Killed a two-headed ogre
  1149 | D        | Reached skill level 1 in Poison Magic
  1149 | D        | Reached XP level 9. HP: 48/48 MP: 17/24
  1159 | D        | Noticed Erolcha
  1162 | D        | Noticed a two-headed ogre
  1165 | D        | Killed Erolcha
  1166 | D        | Reached skill level 16 in Earth Magic
  1168 | D        | Killed a two-headed ogre
  1168 | D        | Reached **** piety under Vehumet
  1224 | D        | Offered knowledge of Kindle Blastsparks by Vehumet.
  1392 | D        | Offered knowledge of Irradiate by Vehumet.
  1404 | D        | Noticed a wandering mushroom
  1408 | D        | Noticed a wandering mushroom
  1411 | D        | Killed a wandering mushroom
  1412 | D        | Reached skill level 17 in Earth Magic
  1413 | D        | Noticed a wandering mushroom
  1416 | D        | Killed a wandering mushroom
  1417 | D        | Reached XP level 10. HP: 54/54 MP: 15/27
  1420 | D        | Reached ***** piety under Vehumet
  1526 | D        | Noticed an orc sorcerer
  1527 | D        | Noticed an orc high priest
  1531 | D        | Offered knowledge of Iskenderun's Mystic Blast by Vehumet.
  1532 | D        | Noticed an orange demon
  1535 | D        | Noticed a sun demon
  1545 | D        | Noticed a sun demon
  1547 | D        | Slain by a sun demon

Illustrated notes

Levels and vault maps discovered:
D:        dungeon_sprint_mu [sprint_mu_entry_forest, sprint_mu_temple_rooms,
          sprint_mu_d1_spiders, sprint_mu_d2_genie, sprint_mu_d3_branching,
          sprint_mu_orc_legion, sprint_mu_elf_gauntlet, sprint_mu_hive_nellie,
          sprint_mu_lair_fedhas, sprint_mu_vaults_butterflies,
          sprint_mu_slime_circle, sprint_mu_shoals_kraken,
          sprint_mu_snake_twists, sprint_mu_blade_basic,
          sprint_mu_crypt_chambers, sprint_mu_tomb_spiral,
          sprint_mu_vestibule_basic, sprint_mu_gehenna_hellfire,
          sprint_mu_dis_giant, sprint_mu_tartarus_statrot,
          sprint_mu_cocytus_islands, sprint_mu_zot1]

Skill      XL: |  1  2  3  4  5  6  7  8  9 |
---------------+----------------------------+-----
Earth Magic    | 6 8 9 10 13 14 15 17 | 17.5
Dodging        | 2 3 4 |  4.4
Spellcasting   | 3 4 5 6 8 9 11 13 | 13.7
Stealth        | 3 4 5 6 |  6.1
Transmutations | 1 |  1.2
Conjurations   | 1 2 3 4 |  4.9
Fighting       | 1 2 |  2.7
Air Magic      | 1 2 |  2.4
Poison Magic   | 1 2 |  2.1

Action                   |  1- 3 |  4- 6 |  7- 9 | 10-12 || total
-------------------------+-------+-------+-------+-------++-------
 Cast: Sandblast         |    12 |    14 |    30 |     5 ||    61
       Stone Arrow       |       |     2 |     6 |     6 ||    14
       Mephitic Cloud    |       |     1 |     4 |     2 ||     7
Evoke: Phantom mirror    |       |       |       |     2 ||     2
  Use: Potion            |       |     2 |     1 |     1 ||     4
Armor: Robe              |     1 |     2 |     2 |     1 ||     6
Dodge: Dodged            |     1 |     4 |     5 |     5 ||    15

Table legend: (Time is in decaauts)
 A = Elapsed time spent in this place.
 B = Non-inter-level travel time spent in this place.
 C = Inter-level travel time spent in this place.
 D = Time resting spent in this place.
 E = Time spent auto-exploring this place.
 F = Levels seen in this place.
 G = Mean time per level.
                   A        B        C        D        E       F      G
               +--------+--------+--------+--------+--------+-----+--------+
         Total |   1583 |   1583 |      0 |   1104 |     53 |   1 | 1583.0 |
       Dungeon |   1583 |   1583 |      0 |   1104 |     53 |   1 | 1583.0 |
               +--------+--------+--------+--------+--------+-----+--------+

Top non-repeatable levels by time:
       D: 1583 daAuts
